 Dungeon Crawl Stone Soup version 0.19-a0-1292-g796ee4d (webtiles) character file.

261 4thArraOfDagon the Ruffian (level 5, -18/53 HPs)
             Began as a Troll Gladiator on Aug 30, 2016.
             Killed from afar by Dowan (20 damage)
             ... with a shard of ice
             ... on level 5 of the Dungeon.
             The game lasted 00:01:59 (553 turns).

4thArraOfDagon the Ruffian (Troll Gladiator)         Turns: 553, Time: 00:02:00

Health: -18/53     AC:  5    Str: 23    XL:     5   Next: 96%
Magic:  4/4        EV: 10    Int:  5    God:
Gold:   43         SH:  0    Dex: 14    Spells: 0 memorised, 4 levels left

rFire  + . .     SeeInvis .       - Unarmed
rCold  + . .     Gourm    +     a - +0 robe
rNeg   . . .     Faith    .     (no shield)
rPois  +         Spirit   .     b - +0 hat
rElec  +         Dismiss  .     (no cloak)
rCorr  +         Reflect  .     (gloves unavailable)
MR     .....     Harm     .     (boots unavailable)
Stlth  +.........               (no amulet)
                                (no ring)
                                f - +4 ring of dexterity

@: resistant, flying
A: unfitting armour, claws 3, fast metabolism 3, gourmand, regeneration 1,
shaggy fur 1, tough skin 2
a: no special abilities


You were on level 5 of the Dungeon.
You were not hungry.

You visited 1 branch of the dungeon, and saw 6 of its levels.
You also visited: Sewer.

You collected 43 gold pieces.

Inventory:

Armour
 a - a +0 robe (worn)
 b - a +0 hat (worn)
Jewellery
 f - a +4 ring of dexterity (left claw)
Scrolls
 e - 2 scrolls of teleportation {unknown}
 g - a scroll of identify {unknown}
 j - a scroll of enchant armour {unknown}
 k - a scroll of remove curse {unknown}
Comestibles
 d - 2 bread rations


   Skills:
 + Level 3.0 Fighting
 - Level 1.7 Throwing
 - Level 2.4 Dodging
 * Level 5.9 Unarmed Combat


You had 4 spell levels left.
You didn't know any spells.

Dungeon Overview and Level Annotations

Branches:
Dungeon (6/15)
 Temple: D:4-7

Altars:
The Shining One

Annotations:
D:5 Dowan


Innate Abilities, Weirdness & Mutations

You are too large for most types of armour.
You have claws for hands.
Your metabolism is lightning-fast.
You like to eat raw meat.
Your natural rate of healing is unusually fast.
You are covered in fur. (AC +1)
You have very tough skin. (AC +2)


Message History

You claw Duvessa!
Duvessa is almost dead.
Duvessa hits you with a rapier.
* * * LOW HITPOINT WARNING * * *
Duvessa hits you but does no damage.
Unknown command.
Unknown command.
You scratch Duvessa but do no damage.
Duvessa is almost dead.
Duvessa hits you with a rapier.
* * * LOW HITPOINT WARNING * * *
Unknown command.
You mangle Duvessa!!
You kill Duvessa!
Dowan screams, "No!
No!"
Dowan seems to find hidden reserves of power!
Your Fighting skill increases to level 3!
Dowan casts a spell at you. The shard of ice hits you! You partially resist.
You die...

##≈.≈≈≈≈.≈###.#...###
#≈########..#.#.....###
#†##≈.≈.≈##...........#
#≈#.#####)######.##)#.#
#.#≈#.≈##≈#......##.#
#.#≈###≈#≈#...<..##.#
#≈#≈≈≈≈##≈#########.#
#†#######≈#########>#.#
##≈≈≈≈≈≈≈##...@)...e..#
#########.######.....#
#.....# #.......#
#.....### #.....#
#######


You could see Dowan.

Vanquished Creatures
  Duvessa (D:5)
  A hound (D:4)
  An iguana (D:4)
  An orc wizard (D:4)
  A gnoll (D:2)
  4 adders
  A worm (D:2)
  A giant gecko (D:5)
  5 orcs
  2 giant cockroaches (D:5)
  4 hobgoblins
  A quokka (D:3)
  A giant gecko skeleton (D:4)
  3 giant newts
  A kobold (D:3)
  5 rats
33 creatures vanquished.

Notes
Turn   | Place    | Note
-------+----------+-------------------------------------------
     0 | D:1      | 4thArraOfDagon the Troll Gladiator began the quest for the Orb.
     0 | D:1      | Reached XP level 1. HP: 19/19 MP: 0/0
    72 | D:2      | Reached XP level 2. HP: 21/28 MP: 1/1
    95 | D:3      | Reached skill level 4 in Unarmed Combat
    95 | D:3      | Reached XP level 3. HP: 35/35 MP: 2/2
   291 | D:4      | Reached XP level 4. HP: 37/42 MP: 3/3
   315 | D:4      | Reached skill level 5 in Unarmed Combat
   315 | D:4      | Reached XP level 5. HP: 37/50 MP: 4/4
   377 | D:4      | Found a glowing golden altar of the Shining One.
   393 | D:5      | Entered Level 5 of the Dungeon
   463 | D:5      | Found a glowing drain.
   467 | Sewer    | Entered a sewer
   526 | D:5      | Noticed Duvessa
   528 | D:5      | Noticed Dowan
   552 | D:5      | HP: 1/50 [Duvessa/rapier (4)]
   553 | D:5      | Killed Duvessa
   553 | D:5      | Killed from afar by Dowan

Vault maps used:
D:1:      tarquinn_simple_flora_water_c, minivault_11, roderic_three_in_a_row,
          minmay_misc_feat_columns, minmay_pentomino_x4
D:2:      kb_forest_paths
D:4:      nicolae_overflow_crystal_walls, first_bread, serial_shops,
          shop_fountains, kennysheep_small_circle
D:5:      gup_sewer_entry_spiral, uniq_eustachio, uniq_duvessa,
          uniq_blork_the_orc
D:6:      gammafunk_temple_overflow_elements
Sewer:    kennysheep_pipe_town

Skill      XL: |  1  2  3  4  5 |
---------------+----------------+-----
Unarmed Combat | 4 5 |  5.9
Fighting       | 2 3 |  3.0
Throwing       | |  1.7
Dodging        | |  2.4

Action                   |  1- 3 |  4- 6 || total
-------------------------+-------+-------++-------
Melee: Unarmed           |    58 |    33 ||    91
Throw: Throwing net      |       |     3 ||     3
  Use: Potion            |       |     3 ||     3
 Stab: Sleeping          |     1 |     2 ||     3
       Held in net/web   |       |     1 ||     1
  Eat: Chunk             |     1 |     2 ||     3
Armor: Robe              |    18 |    13 ||    31
Dodge: Dodged            |    16 |     8 ||    24
